[Event "DVM U16w 2024"]
[Site "Neumuenster"]
[Date "2024.12.29"]
[Round "6"]
[White "Halas, Neele Zoe"]
[Black "Reich, Elisabeth"]
[Result "1/2-1/2"]
[ECO "C02"]
[WhiteElo "1835"]
[BlackElo "1861"]
[Annotator "NA RC"]
[PlyCount "55"]
[EventDate "2024.12.23"]
[EventType "team-tourn"]
[EventRounds "7"]
[EventCountry "GER"]
[SourceTitle "playchess.com"]
[Source "ChessBase"]
[SourceQuality "1"]
[TimeControl "40/5400+30:1800+30"]

1. e4 c5 2. c3 e6 3. d4 cxd4 4. cxd4 d5 5. e5 Nc6 6. Nf3 Bb4+ 7. Bd2 Qb6 8. Bxb4 Qxb4+ 9. Qd2 Nh6 10. a3 Qb6 11. Nc3 Nf5 12. Bb5 Bd7 13. Bxc6 Bxc6 14. O-O O-O 15. Rad1 Rac8 16. h4 Bb5 17. Nxb5 Qxb5 18. g4 Ne7 19. Qg5 f6 20. exf6 Rxf6 21. Ne5 Ng6 22. h5 Nxe5 23. Qxe5 Qc6 24. Qe3 Rcf8 25. Rde1 Qd6 26. Kg2 Re8 27. f3 Rf7 28. Rc1 1/2-1/2

[Event "DVM U16w 2024"]
[Site "Neumuenster"]
[Date "2024.12.29"]
[Round "6"]
[White "Paliwal, Kashika"]
[Black "Glotz, Diana"]
[Result "1/2-1/2"]
[ECO "B00"]
[WhiteElo "1812"]
[BlackElo "1641"]
[Annotator "NA RC"]
[PlyCount "87"]
[EventDate "2024.12.23"]
[EventType "team-tourn"]
[EventRounds "7"]
[EventCountry "GER"]
[SourceTitle "playchess.com"]
[Source "ChessBase"]
[SourceQuality "1"]
[TimeControl "40/5400+30:1800+30"]

1. e4 b6 2. d4 Bb7 3. Nc3 e6 4. a3 Nf6 5. Bd3 Be7 6. Nf3 O-O 7. O-O d5 8. e5 Nfd7 9. Re1 c5 10. b3 Nc6 11. dxc5 Bxc5 12. Bb2 a6 13. b4 Be7 14. Ne2 Bg5 15. Ned4 Nxd4 16. Nxd4 Bh6 17. Qg4 Qg5 18. Qxg5 Bxg5 19. g3 Be7 20. f4 a5 21. c3 Rfc8 22. f5 Nf8 23. h4 Ba6 24. b5 Bb7 25. a4 Bc5 26. Kh2 Bxd4 27. cxd4 Rc7 28. Rec1 Rac8 29. Rxc7 Rxc7 30. Rc1 Rxc1 31. Bxc1 Bc8 32. g4 Bd7 33. Kg3 Be8 34. f6 g6 35. Kf4 Nd7 36. Kg5 Nb8 37. h5 Nd7 38. hxg6 hxg6 39. Kf4 Kh7 40. g5 Kg8 41. Ke3 Nb8 42. Ba3 Nd7 43. Bd6 Kh7 44. Bc7 1/2-1/2

[Event "DVM U16w 2024"]
[Site "Neumuenster"]
[Date "2024.12.29"]
[Round "6"]
[White "Czaeczine, Paula"]
[Black "Neumann, Helena"]
[Result "0-1"]
[ECO "B14"]
[WhiteElo "1811"]
[BlackElo "2041"]
[Annotator "NA RC"]
[PlyCount "170"]
[EventDate "2024.12.23"]
[EventType "team-tourn"]
[EventRounds "7"]
[EventCountry "GER"]
[SourceTitle "playchess.com"]
[Source "ChessBase"]
[SourceQuality "1"]
[TimeControl "40/5400+30:1800+30"]

1. e4 c6 2. d4 d5 3. exd5 cxd5 4. c4 Nf6 5. Nc3 e6 6. Nf3 Bb4 7. a3 Bxc3+ 8. bxc3 O-O 9. cxd5 exd5 10. Be2 Bf5 11. O-O Ne4 12. c4 Re8 13. Bd3 dxc4 14. Bxc4 Qc7 15. Ne5 Nd6 16. Ba2 Qc3 17. Bf4 Nc6 18. Nxc6 Qxc6 19. Qb3 Re7 20. Rac1 Qa6 21. Qd5 Rd7 22. Rfe1 Bg6 23. Bc4 Qxa3 24. Bb5 Rdd8 25. Bxd6 Rxd6 26. Qxb7 Rdd8 27. Ra1 Qc3 28. d5 Rab8 29. Qc6 Qb3 30. Bc4 Qb4 31. d6 Rbc8 32. Qxc8 Rxc8 33. d7 Rf8 34. Re8 Qd6 35. d8=Q Qxd8 36. Rxd8 Rxd8 37. h3 Rd7 38. Bb5 Rc7 39. Re1 f6 40. Kh2 a5 41. Ba4 Kf8 42. f3 Rc8 43. Kg3 Be8 44. Re4 Bxa4 45. Rxa4 Ra8 46. Kf4 Ke7 47. Ke4 Kd6 48. Kd4 Kc6 49. Kc4 Kb6 50. Kb3 Kb5 51. Rh4 h6 52. Rh5+ Kb6 53. Ka4 Kc6 54. h4 Kd6 55. Rb5 g5 56. hxg5 hxg5 57. g4 Ke6 58. f4 gxf4 59. Rf5 Rg8 60. Rxf4 Rg5 61. Re4+ Re5 62. Rf4 Kf7 63. Rd4 Rc5 64. Re4 Kf8 65. Rf4 Ke7 66. Re4+ Kd6 67. Rf4 Ke6 68. Re4+ Kd5 69. Re8 Rc4+ 70. Kxa5 Rxg4 71. Rf8 Ke5 72. Kb5 Rd4 73. Kc5 Rd7 74. Rh8 f5 75. Rh1 Rc7+ 76. Kb4 f4 77. Re1+ Kd4 78. Rd1+ Ke3 79. Rd8 f3 80. Re8+ Kd2 81. Rf8 Ke2 82. Re8+ Kf1 83. Rf8 f2 84. Rf6 Rg7 85. Kc3 Kg1 0-1

[Event "DVM U16w 2024"]
[Site "Neumuenster"]
[Date "2024.12.29"]
[Round "6"]
[White "Averkova, Mariia"]
[Black "Jacobasch, Ronja"]
[Result "0-1"]
[ECO "D04"]
[WhiteElo "1765"]
[BlackElo "1801"]
[Annotator "NA RC"]
[PlyCount "114"]
[EventDate "2024.12.23"]
[EventType "team-tourn"]
[EventRounds "7"]
[EventCountry "GER"]
[SourceTitle "playchess.com"]
[Source "ChessBase"]
[SourceQuality "1"]
[TimeControl "40/5400+30:1800+30"]

1. d4 Nf6 2. Nf3 g6 3. e3 Bg7 4. b3 O-O 5. Bb2 d5 6. c4 e6 7. Be2 Nbd7 8. O-O dxc4 9. Bxc4 Nb6 10. Be2 Nbd5 11. Nbd2 Bd7 12. Rc1 c6 13. Nc4 b5 14. Nce5 Qb6 15. Nd3 Ne4 16. Nc5 Nxc5 17. dxc5 Qc7 18. Bxg7 Kxg7 19. Qd4+ f6 20. Qd2 e5 21. e4 Nf4 22. Rfd1 Rad8 23. Qc2 Be6 24. h3 Rxd1+ 25. Rxd1 Rd8 26. Ne1 Rxd1 27. Qxd1 Qe7 28. b4 Bxa2 29. Nd3 Nxe2+ 30. Qxe2 Bc4 31. Qc2 Qd7 32. Nb2 Be6 33. Qd3 Qxd3 34. Nxd3 Bb3 35. f3 Kf7 36. Kf2 Ke6 37. Ke3 f5 38. h4 h6 39. g3 Kf6 40. exf5 gxf5 41. f4 e4 42. Ne5 Bd5 43. Kd4 h5 44. Ke3 Ke7 45. Kd4 Kd8 46. Kc3 Kc7 47. Kc2 a5 48. bxa5 b4 49. Kb2 Kb7 50. Kc2 Ka6 51. Kb2 Kxa5 52. Kc2 Kb5 53. Kb2 Kxc5 54. Kc2 Kd4 55. Kd2 e3+ 56. Kc2 b3+ 57. Kc1 Kc3 0-1

[Event "DVM U16w 2024"]
[Site "Neumuenster"]
[Date "2024.12.29"]
[Round "6"]
[White "Mueller, Cosima"]
[Black "Prokscha, Charlotte"]
[Result "0-1"]
[ECO "B76"]
[WhiteElo "1757"]
[BlackElo "1627"]
[Annotator "NA RC"]
[PlyCount "94"]
[EventDate "2024.12.23"]
[EventType "team-tourn"]
[EventRounds "7"]
[EventCountry "GER"]
[SourceTitle "playchess.com"]
[Source "ChessBase"]
[SourceQuality "1"]
[TimeControl "40/5400+30:1800+30"]

1. e4 c5 2. Nf3 d6 3. d4 cxd4 4. Nxd4 Nf6 5. Nc3 g6 6. Be3 Bg7 7. f3 Nc6 8. Qd2 O-O 9. O-O-O d5 10. Kb1 e6 11. g4 Nxd4 12. Bxd4 dxe4 13. Bc5 Qxd2 14. Rxd2 exf3 15. Bxf8 Bxf8 16. g5 Ng4 17. Bh3 Ne5 18. Re1 Nc4 19. Rd4 e5 20. Rxc4 Bxh3 21. Ne4 Rd8 22. a3 b6 23. b4 h6 24. Rc3 Bg2 25. gxh6 Bxh6 26. Rd3 Rxd3 27. cxd3 Bf4 28. h4 f5 29. Nd6 f2 30. Rd1 f1=Q 31. Rxf1 Bxf1 32. Nc8 Bxd3+ 33. Kb2 e4 34. Kc3 Be5+ 35. Kd2 f4 36. Ne7+ Kf7 37. Nc6 Kf6 38. Nxa7 Bc4 39. a4 e3+ 40. Kc2 f3 41. a5 bxa5 42. b5 Bxb5 43. Nxb5 f2 44. h5 gxh5 45. Na3 f1=Q 46. Kb3 e2 47. Kc2 Qd1# 0-1

[Event "DVM U16w 2024"]
[Site "Neumuenster"]
[Date "2024.12.29"]
[Round "6"]
[White "Wang, Enya Marie"]
[Black "Kasten, Luna Seraphine"]
[Result "1-0"]
[ECO "B01"]
[WhiteElo "1755"]
[BlackElo "1203"]
[Annotator "NA RC"]
[PlyCount "105"]
[EventDate "2024.12.23"]
[EventType "team-tourn"]
[EventRounds "7"]
[EventCountry "GER"]
[SourceTitle "playchess.com"]
[Source "ChessBase"]
[SourceQuality "1"]
[TimeControl "40/5400+30:1800+30"]

1. e4 d5 2. exd5 c6 3. dxc6 Nxc6 4. Nf3 Bf5 5. Bb5 Qd6 6. Nc3 e5 7. O-O Be7 8. Re1 Bg4 9. h3 Bh5 10. Ba4 Bf6 11. Ne4 Qc7 12. Ng3 Bg6 13. d4 Nge7 14. dxe5 O-O 15. exf6 gxf6 16. Nh4 Nb4 17. Nxg6 fxg6 18. Bb3+ Kh8 19. a3 Rad8 20. Qe2 Nbd5 21. c4 Nf4 22. Bxf4 Qxf4 23. Qxe7 Rfe8 24. Qxb7 Rxe1+ 25. Rxe1 a5 26. Qf7 Qh4 27. Re8+ Rxe8 28. Qxe8+ Kg7 29. Qe4 Qh6 30. Qe3 Qxe3 31. fxe3 Kf7 32. Kf2 Ke6 33. Bc2 f5 34. b4 axb4 35. axb4 Kd6 36. c5+ Kc6 37. Nxf5 gxf5 38. Bxf5 Kc7 39. Bxh7 Kd8 40. b5 Kc7 41. b6+ Kb8 42. g4 Kc8 43. c6 Kb8 44. g5 Kc8 45. h4 Kb8 46. g6 Kc8 47. Bg8 Kb8 48. Be6 Ka8 49. h5 Kb8 50. h6 Ka8 51. h7 Kb8 52. g7 Ka8 53. h8=Q# 1-0

[Event "DVM U16w 2024"]
[Site "Neumuenster"]
[Date "2024.12.29"]
[Round "6"]
[White "Fetahovic, Sarah"]
[Black "Scheiding, Sophia"]
[Result "1/2-1/2"]
[ECO "C66"]
[WhiteElo "1739"]
[BlackElo "1672"]
[Annotator "NA RC"]
[PlyCount "42"]
[EventDate "2024.12.23"]
[EventType "team-tourn"]
[EventRounds "7"]
[EventCountry "GER"]
[SourceTitle "playchess.com"]
[Source "ChessBase"]
[SourceQuality "1"]
[TimeControl "40/5400+30:1800+30"]

1. e4 e5 2. Nf3 Nc6 3. Nc3 Nf6 4. Bb5 d6 5. d4 exd4 6. Nxd4 Bd7 7. O-O Be7 8. Re1 Nxd4 9. Qxd4 c6 10. Ba4 O-O 11. Bb3 Be6 12. Bxe6 fxe6 13. e5 c5 14. Qd1 Nd5 15. Nxd5 exd5 16. Qxd5+ Kh8 17. exd6 Bxd6 18. Rd1 Bxh2+ 19. Kxh2 Qh4+ 20. Kg1 Qxf2+ 21. Kh2 Qf6 1/2-1/2

[Event "DVM U16w 2024"]
[Site "Neumuenster"]
[Date "2024.12.29"]
[Round "6"]
[White "Rafikova, Ailin"]
[Black "Stepanjan, Tatevik Mia"]
[Result "1-0"]
[ECO "B24"]
[WhiteElo "1735"]
[BlackElo "1572"]
[Annotator "NA RC"]
[PlyCount "105"]
[EventDate "2024.12.23"]
[EventType "team-tourn"]
[EventRounds "7"]
[EventCountry "GER"]
[SourceTitle "playchess.com"]
[Source "ChessBase"]
[SourceQuality "1"]
[TimeControl "40/5400+30:1800+30"]

1. e4 c5 2. Nc3 Nc6 3. g3 g6 4. Bg2 Bg7 5. d3 e6 6. Nge2 Nge7 7. Be3 b6 8. Qd2 O-O 9. Bh6 d5 10. Bxg7 Kxg7 11. exd5 exd5 12. d4 Ba6 13. dxc5 Bxe2 14. Qxe2 bxc5 15. O-O Rb8 16. Rab1 Re8 17. Qd2 d4 18. Ne4 c4 19. Qe2 d3 20. cxd3 cxd3 21. Qd2 Qd4 22. Qc3 Qxc3 23. Nxc3 Nd4 24. Be4 d2 25. Rfd1 Rbd8 26. Kf1 Ndf5 27. Bg2 Rd7 28. Ne4 Red8 29. g4 Nh4 30. Bh1 f5 31. Nc5 fxg4 32. Nxd7 Rxd7 33. Ke2 Nef5 34. Rxd2 Re7+ 35. Kf1 Nf3 36. Bxf3 gxf3 37. Rd3 Nh4 38. Rd4 g5 39. Rbd1 Kg6 40. Rd7 Re2 41. R1d2 Re5 42. Rxa7 Ng2 43. Rd1 h5 44. Rad7 Re2 45. R7d2 Re7 46. a4 Ra7 47. Ra1 Kf5 48. a5 Nf4 49. a6 Ne6 50. b4 Nc7 51. b5 Ra8 52. a7 Ne6 53. b6 1-0

[Event "DVM U16w 2024"]
[Site "Neumuenster"]
[Date "2024.12.29"]
[Round "6"]
[White "Shynkar, Daria"]
[Black "Lorenz, Veronika"]
[Result "1/2-1/2"]
[ECO "D31"]
[WhiteElo "1685"]
[BlackElo "1974"]
[Annotator "NA RC"]
[PlyCount "85"]
[EventDate "2024.12.23"]
[EventType "team-tourn"]
[EventRounds "7"]
[EventCountry "GER"]
[SourceTitle "playchess.com"]
[Source "ChessBase"]
[SourceQuality "1"]
[TimeControl "40/5400+30:1800+30"]

1. d4 d5 2. c4 e6 3. Nc3 h6 4. cxd5 exd5 5. Bf4 Nf6 6. e3 Bd6 7. Nge2 O-O 8. Bxd6 Qxd6 9. Nf4 c6 10. Bd3 Re8 11. O-O Nbd7 12. Rc1 Ne4 13. Bxe4 dxe4 14. a3 Nf6 15. b4 a6 16. Qc2 Bf5 17. Rfd1 Rac8 18. Qb2 Red8 19. a4 Nd5 20. Ncxd5 cxd5 21. Rc5 Be6 22. Rdc1 b6 23. Nxe6 Qxe6 24. Rc7 Rxc7 25. Rxc7 Rc8 26. Qc3 Rxc7 27. Qxc7 Qe8 28. Qxb6 Qxa4 29. h3 Qb5 30. Qd8+ Kh7 31. Qe7 f6 32. Qc5 Qb7 33. Qd6 Qb5 34. Kh2 Kg6 35. Kg3 a5 36. bxa5 Qxa5 37. Qd7 Kh7 38. Qf5+ Kh8 39. Kg4 Qd8 40. Qe6 g6 41. Qf7 Qc8+ 42. Kg3 Qf5 43. Qf8+ 1/2-1/2

[Event "DVM U16w 2024"]
[Site "Neumuenster"]
[Date "2024.12.29"]
[Round "6"]
[White "Petrosyan, Ani"]
[Black "Guliyeva, Zahra"]
[Result "1-0"]
[ECO "A17"]
[WhiteElo "1683"]
[BlackElo "1053"]
[Annotator "NA RC"]
[PlyCount "93"]
[EventDate "2024.12.23"]
[EventType "team-tourn"]
[EventRounds "7"]
[EventCountry "GER"]
[SourceTitle "playchess.com"]
[Source "ChessBase"]
[SourceQuality "1"]
[TimeControl "40/5400+30:1800+30"]

1. Nf3 d5 2. e3 Nf6 3. c4 e6 4. Nc3 Bd6 5. b3 O-O 6. Bb2 Bd7 7. Be2 Nc6 8. O-O h6 9. d4 Re8 10. Rc1 Ne7 11. c5 Bxc5 12. dxc5 Bc6 13. Ne5 Rc8 14. Qc2 b6 15. Ba6 Rb8 16. Nb5 Bb7 17. Bxb7 Rxb7 18. cxb6 Rxb6 19. Nxc7 Rf8 20. Ba3 Rb8 21. Bxe7 Qxe7 22. Qc5 Qxc5 23. Rxc5 Rbc8 24. Rfc1 Ne4 25. R5c2 Nd6 26. Na6 Rxc2 27. Rxc2 Ne4 28. f3 Nf6 29. Rc7 Ne8 30. Rxa7 Nd6 31. Rd7 Nf5 32. e4 dxe4 33. fxe4 Ne3 34. Nc5 Nc2 35. a4 Nb4 36. Rb7 Nc2 37. a5 Ne3 38. a6 Nc2 39. a7 Na3 40. Rb8 Rxb8 41. axb8=Q+ Kh7 42. Nxf7 Kg6 43. Qf4 Kh7 44. Nxe6 Kg8 45. Nxh6+ gxh6 46. Qf8+ Kh7 47. Qg7# 1-0

[Event "DVM U16w 2024"]
[Site "Neumuenster"]
[Date "2024.12.29"]
[Round "6"]
[White "Hergenroeder, Cora"]
[Black "Amelang, Jamie Alice"]
[Result "1/2-1/2"]
[ECO "D94"]
[WhiteElo "1681"]
[BlackElo "1634"]
[Annotator "NA RC"]
[PlyCount "58"]
[EventDate "2024.12.23"]
[EventType "team-tourn"]
[EventRounds "7"]
[EventCountry "GER"]
[SourceTitle "playchess.com"]
[Source "ChessBase"]
[SourceQuality "1"]
[TimeControl "40/5400+30:1800+30"]

1. d4 Nf6 2. c4 g6 3. Nc3 d5 4. e3 Bg7 5. Nf3 O-O 6. Be2 Bf5 7. Qb3 dxc4 8. Bxc4 b6 9. Ne5 Qe8 10. Nb5 Na6 11. Qa3 Bc8 12. Nc3 Nb8 13. Qb3 e6 14. Bd2 c6 15. O-O Nfd7 16. Nxd7 Qxd7 17. Ne4 Bb7 18. Ng3 Ba6 19. Bxa6 Nxa6 20. Bc3 Rfe8 21. Rfd1 Rad8 22. Rac1 Qb7 23. Ne2 Rd7 24. Qc2 Rc8 25. Qb1 c5 26. dxc5 Rxc5 27. Bxg7 Kxg7 28. Rxc5 Nxc5 29. Nc3 Rxd1+ 1/2-1/2

[Event "DVM U16w 2024"]
[Site "Neumuenster"]
[Date "2024.12.29"]
[Round "6"]
[White "Huber, Laura"]
[Black "Schmidt, Sophie"]
[Result "1-0"]
[ECO "D02"]
[WhiteElo "1679"]
[BlackElo "1695"]
[Annotator "NA RC"]
[PlyCount "55"]
[EventDate "2024.12.23"]
[EventType "team-tourn"]
[EventRounds "7"]
[EventCountry "GER"]
[SourceTitle "playchess.com"]
[Source "ChessBase"]
[SourceQuality "1"]
[TimeControl "40/5400+30:1800+30"]

1. d4 d5 2. Bf4 Nf6 3. Nf3 c6 4. c3 g6 5. h3 Bg7 6. e3 O-O 7. Bd3 Nbd7 8. Nbd2 a6 9. Qc2 c5 10. O-O Re8 11. Rfe1 c4 12. Bf1 b5 13. e4 dxe4 14. Nxe4 Nxe4 15. Qxe4 Nf6 16. Qxa8 Qd7 17. Ne5 Qf5 18. Qf3 Nh5 19. Bh2 Qxf3 20. Nxf3 e6 21. Ne5 Nf6 22. Be2 Nd5 23. Bf3 h5 24. Nxg6 Nxc3 25. bxc3 fxg6 26. Be5 Bh6 27. Re2 a5 28. Bc6 1-0

[Event "DVM U16w 2024"]
[Site "Neumuenster"]
[Date "2024.12.29"]
[Round "6"]
[White "Vasilieva, Sophie Victoria"]
[Black "Breja, Eva"]
[Result "0-1"]
[ECO "E67"]
[WhiteElo "1677"]
[BlackElo "1556"]
[Annotator "NA RC"]
[PlyCount "106"]
[EventDate "2024.12.23"]
[EventType "team-tourn"]
[EventRounds "7"]
[EventCountry "GER"]
[SourceTitle "playchess.com"]
[Source "ChessBase"]
[SourceQuality "1"]
[TimeControl "40/5400+30:1800+30"]

1. d4 Nf6 2. c4 g6 3. Nc3 Bg7 4. Nf3 O-O 5. g3 d6 6. Bg2 Nbd7 7. O-O e5 8. dxe5 dxe5 9. e4 Ne8 10. Be3 f5 11. Bg5 Nef6 12. Qd3 h6 13. Bxf6 Qxf6 14. Nd5 Qd6 15. Rfd1 Nc5 16. Qd2 Nxe4 17. Qd3 Qc5 18. Rf1 Be6 19. Rad1 c6 20. Nc7 Bxc4 21. Qc2 Bxf1 22. Qxc5 Nxc5 23. Nxa8 Bxg2 24. Kxg2 Rxa8 25. b4 Na6 26. Rd7 Nxb4 27. Rxb7 Nxa2 28. Re7 e4 29. Nh4 Bf6 30. Re6 Bxh4 31. gxh4 Kg7 32. Re7+ Kf6 33. Rc7 Nb4 34. Kg3 a5 35. Rb7 Nd5 36. f4 a4 37. Kf2 a3 38. Rb1 Nxf4 39. Ra1 Ke5 40. Ke3 Ng2+ 41. Kd2 Nxh4 42. Kc2 f4 43. Kd2 Nf3+ 44. Ke2 Nxh2 45. Kf2 Ng4+ 46. Ke2 f3+ 47. Kf1 a2 48. Ke1 e3 49. Kf1 Ke4 50. Ke1 Kd3 51. Kf1 Kc2 52. Rxa2+ Rxa2 53. Kg1 Ra1# 0-1

[Event "DVM U16w 2024"]
[Site "Neumuenster"]
[Date "2024.12.29"]
[Round "6"]
[White "Hoffmann, Svenja"]
[Black "Margaryan, Mane"]
[Result "1-0"]
[ECO "B45"]
[WhiteElo "1643"]
[BlackElo "1533"]
[Annotator "NA RC"]
[PlyCount "87"]
[EventDate "2024.12.23"]
[EventType "team-tourn"]
[EventRounds "7"]
[EventCountry "GER"]
[SourceTitle "playchess.com"]
[Source "ChessBase"]
[SourceQuality "1"]
[TimeControl "40/5400+30:1800+30"]

1. e4 c5 2. Nf3 e6 3. d4 cxd4 4. Nxd4 Nf6 5. Nc3 Nc6 6. f3 Bc5 7. Be3 Bb4 8. Qd2 e5 9. Nf5 Rg8 10. Nd6+ Ke7 11. Nf5+ Ke8 12. Bc4 d5 13. exd5 Bxf5 14. dxc6 bxc6 15. g4 Qxd2+ 16. Kxd2 Rd8+ 17. Bd3 Bxd3 18. cxd3 e4 19. fxe4 Nxe4+ 20. Kc2 Bc5 21. Nxe4 Bxe3 22. Rae1 Kd7 23. Rxe3 Rge8 24. Rf1 f6 25. g5 fxg5 26. Rf7+ Ke6 27. Nxg5+ Kd6 28. Rxe8 Rxe8 29. Ne4+ Kd5 30. Rxg7 Rf8 31. Rxh7 c5 32. Rh5+ Ke6 33. Rxc5 Rh8 34. Ra5 Rxh2+ 35. Kc3 Rh8 36. Rxa7 Rc8+ 37. Kd4 Rd8+ 38. Kc4 Rc8+ 39. Nc5+ Kd6 40. d4 Kc6 41. b4 Kb6 42. Rb7+ Kc6 43. b5+ Kd6 44. Rd7# 1-0

[Event "DVM U16w 2024"]
[Site "Neumuenster"]
[Date "2024.12.29"]
[Round "6"]
[White "Modali, Nikhilamrutha"]
[Black "Sayouf, Rafif"]
[Result "0-1"]
[ECO "C58"]
[WhiteElo "1640"]
[BlackElo "1680"]
[Annotator "NA RC"]
[PlyCount "112"]
[EventDate "2024.12.23"]
[EventType "team-tourn"]
[EventRounds "7"]
[EventCountry "GER"]
[SourceTitle "playchess.com"]
[Source "ChessBase"]
[SourceQuality "1"]
[TimeControl "40/5400+30:1800+30"]

1. e4 e5 2. Nf3 Nc6 3. Bc4 Nf6 4. Ng5 d5 5. exd5 Na5 6. Bb5+ Bd7 7. Qe2 Bd6 8. d4 O-O 9. Bxd7 Qxd7 10. dxe5 Bxe5 11. O-O Rfe8 12. Qf3 Qxd5 13. Qxd5 Nxd5 14. Nf3 Bf6 15. c3 b5 16. Rd1 Rad8 17. Bg5 Bxg5 18. Nxg5 h6 19. Nf3 Nf4 20. Rxd8 Rxd8 21. Na3 a6 22. Kf1 c5 23. b4 cxb4 24. cxb4 Nc4 25. Nxc4 bxc4 26. Rc1 Rc8 27. g3 Nd3 28. Rc3 Nxb4 29. a4 Nd5 30. Rc1 c3 31. Nd2 c2 32. Nf3 Nb4 33. Ne1 Rd8 34. Nxc2 Rc8 35. Nxb4 Rxc1+ 36. Kg2 a5 37. Nd3 Rc4 38. Kf3 Rxa4 39. Ke3 Rc4 40. Kd2 Kf8 41. Nb2 Rc6 42. h4 Ke7 43. Kd3 Ke6 44. f4 Kd5 45. g4 g6 46. Nd1 Rb6 47. Ne3+ Kc5 48. Nc4 Rb3+ 49. Ke4 Kxc4 50. Ke5 Rb6 51. f5 a4 52. fxg6 fxg6 53. h5 g5 54. Kf5 a3 55. Ke5 a2 56. Kf5 a1=Q 0-1

[Event "DVM U16w 2024"]
[Site "Neumuenster"]
[Date "2024.12.29"]
[Round "6"]
[White "Ottlik, Marie"]
[Black "Siegel, Irene"]
[Result "1/2-1/2"]
[ECO "C54"]
[WhiteElo "1639"]
[BlackElo "1612"]
[Annotator "NA RC"]
[PlyCount "156"]
[EventDate "2024.12.23"]
[EventType "team-tourn"]
[EventRounds "7"]
[EventCountry "GER"]
[SourceTitle "playchess.com"]
[Source "ChessBase"]
[SourceQuality "1"]
[TimeControl "40/5400+30:1800+30"]

1. e4 e5 2. Nf3 Nc6 3. Bc4 Bc5 4. c3 Nf6 5. d3 d6 6. a4 a6 7. Nbd2 O-O 8. O-O Be6 9. Re1 Re8 10. Bb3 h6 11. Nf1 Ba7 12. Ng3 d5 13. exd5 Bxd5 14. Bxd5 Qxd5 15. Be3 Rad8 16. Bxa7 Nxa7 17. d4 exd4 18. Nxd4 Nc6 19. Nxc6 Qxc6 20. Qc2 Nd5 21. Re4 Rxe4 22. Qxe4 Re8 23. Qd4 Nf6 24. Nf5 Qe4 25. Qxe4 Rxe4 26. Kf1 Nd5 27. a5 Re5 28. Nd4 Nf4 29. b4 Nd3 30. Rd1 Nb2 31. Re1 Rxe1+ 32. Kxe1 g6 33. h3 Kf8 34. Kd2 Ke7 35. Kc2 Nc4 36. Kd3 Ne5+ 37. Ke4 Kd6 38. g4 Nd7 39. Nf3 Nf6+ 40. Kd4 Nd5 41. Ne5 Ke6 42. Nd3 b6 43. axb6 cxb6 44. c4 Ne7 45. c5 Nc6+ 46. Ke4 b5 47. Nf4+ Kd7 48. Nd5 a5 49. bxa5 Nxa5 50. Nb4 Nc6 51. Nd3 Ke6 52. Nf4+ Kd7 53. h4 b4 54. Nd3 b3 55. Nb2 Ke6 56. f3 f5+ 57. gxf5+ gxf5+ 58. Ke3 Kd5 59. Kf4 Nd4 60. h5 Ke6 61. Ke3 Ke5 62. Nd3+ Kd5 63. Kf4 Kc4 64. Nb2+ Kc3 65. Na4+ Kc2 66. c6 Nxc6 67. Kxf5 Nd4+ 68. Kg6 Nxf3 69. Kxh6 Ne5 70. Kg5 Nf7+ 71. Kg6 Ne5+ 72. Kf6 Ng4+ 73. Kg5 Ne5 74. Kf5 Nf7 75. Kf6 Nh6 76. Kg6 Ng4 77. Kg5 Ne5 78. h6 Nf7+ 1/2-1/2

[Event "DVM U16w 2024"]
[Site "Neumuenster"]
[Date "2024.12.29"]
[Round "6"]
[White "Hladeniuk, Yelyzaveta"]
[Black "Vogt, Luna"]
[Result "1/2-1/2"]
[ECO "D36"]
[WhiteElo "1630"]
[BlackElo "1735"]
[Annotator "NA RC"]
[PlyCount "86"]
[EventDate "2024.12.23"]
[EventType "team-tourn"]
[EventRounds "7"]
[EventCountry "GER"]
[SourceTitle "playchess.com"]
[Source "ChessBase"]
[SourceQuality "1"]
[TimeControl "40/5400+30:1800+30"]

1. d4 Nf6 2. c4 e6 3. Nc3 d5 4. cxd5 exd5 5. Bg5 Be7 6. Qc2 c6 7. e3 Nbd7 8. Bd3 h6 9. Bh4 O-O 10. Nf3 Re8 11. O-O Nf8 12. a3 Ne6 13. b4 Bd7 14. Ne5 Ng5 15. Bxg5 hxg5 16. Na4 Bd6 17. Nxf7 Qc7 18. Nxd6 Qxd6 19. Bf5 Rad8 20. Nc5 Qc7 21. Nxd7 Nxd7 22. Bxd7 Rxd7 23. Qg6 Qd8 24. a4 Rd6 25. Qd3 Rh6 26. b5 Qd6 27. g3 Qe6 28. Ra2 g4 29. bxc6 Qxc6 30. Qb5 Kf7 31. Qxc6 Rxc6 32. Rb1 Re7 33. Rb5 Ke6 34. Rab2 Rcc7 35. a5 Red7 36. Ra2 Kf5 37. Kg2 Ke4 38. Rb1 Rf7 39. Rab2 g5 40. Rb5 Rc2 41. Rf1 Ra2 42. Rc5 a6 43. Kg1 Rf6 1/2-1/2

[Event "DVM U16w 2024"]
[Site "Neumuenster"]
[Date "2024.12.29"]
[Round "6"]
[White "Christiansen, Jana-Marie"]
[Black "Stepanjan, Marianne"]
[Result "1/2-1/2"]
[ECO "E61"]
[WhiteElo "1602"]
[BlackElo "1779"]
[Annotator "NA RC"]
[PlyCount "52"]
[EventDate "2024.12.23"]
[EventType "team-tourn"]
[EventRounds "7"]
[EventCountry "GER"]
[SourceTitle "playchess.com"]
[Source "ChessBase"]
[SourceQuality "1"]
[TimeControl "40/5400+30:1800+30"]

1. c4 Nf6 2. g3 g6 3. Bg2 Bg7 4. Nc3 O-O 5. d4 d6 6. e3 Nbd7 7. Nge2 e5 8. O-O Re8 9. b3 exd4 10. exd4 Nf8 11. Re1 c6 12. h3 h5 13. Be3 Bf5 14. Nf4 Ne4 15. Nxe4 Bxe4 16. Qd2 Bxg2 17. Kxg2 Ne6 18. Rac1 Nxf4+ 19. Bxf4 Qd7 20. c5 dxc5 21. dxc5 Qxd2 22. Bxd2 Be5 23. Be3 Rad8 24. Red1 Bb2 25. Rb1 Be5 26. Rbc1 Bb2 1/2-1/2

[Event "DVM U16w 2024"]
[Site "Neumuenster"]
[Date "2024.12.29"]
[Round "6"]
[White "Ignatova, Gabriela"]
[Black "Dhanasekaran Meenambigai, Diya"]
[Result "1-0"]
[ECO "B10"]
[WhiteElo "1595"]
[BlackElo "1568"]
[Annotator "NA RC"]
[PlyCount "77"]
[EventDate "2024.12.23"]
[EventType "team-tourn"]
[EventRounds "7"]
[EventCountry "GER"]
[SourceTitle "playchess.com"]
[Source "ChessBase"]
[SourceQuality "1"]
[TimeControl "40/5400+30:1800+30"]

1. e4 c6 2. c4 d5 3. exd5 cxd5 4. cxd5 Nf6 5. Bb5+ Nbd7 6. Nc3 a6 7. Qa4 g6 8. Nf3 Bg7 9. O-O O-O 10. Bxd7 Bxd7 11. Qb3 b5 12. Ne5 Qc7 13. d4 Ng4 14. Nxg4 Bxg4 15. Be3 Qb7 16. Rac1 Rfd8 17. h3 Bf5 18. Rfd1 Rac8 19. a3 a5 20. Qxb5 Qxb5 21. Nxb5 Rxd5 22. Rxc8+ Bxc8 23. Nc3 Rd7 24. Rd2 Bb7 25. Na4 Bc6 26. Rc2 Rc7 27. d5 Bxa4 28. Rxc7 Bxb2 29. Ra7 Kg7 30. Rxa5 Bd7 31. Bc5 Kf6 32. Ra7 Bf5 33. Bxe7+ Ke5 34. d6 Ke6 35. Bf8 Bf6 36. d7 Bd8 37. Bb4 Kd5 38. Ba5 Bxd7 39. Rxd7+ 1-0

[Event "DVM U16w 2024"]
[Site "Neumuenster"]
[Date "2024.12.29"]
[Round "6"]
[White "Goeb, Franziska"]
[Black "Czaeczine, Laura"]
[Result "0-1"]
[ECO "C54"]
[WhiteElo "1572"]
[BlackElo "1787"]
[Annotator "NA RC"]
[PlyCount "116"]
[EventDate "2024.12.23"]
[EventType "team-tourn"]
[EventRounds "7"]
[EventCountry "GER"]
[SourceTitle "playchess.com"]
[Source "ChessBase"]
[SourceQuality "1"]
[TimeControl "40/5400+30:1800+30"]

1. e4 e5 2. Nf3 Nc6 3. Bc4 Nf6 4. d3 Bc5 5. c3 d6 6. Nbd2 a6 7. Bb3 O-O 8. O-O Bg4 9. h3 Bh5 10. Re1 Ba7 11. Bc2 Re8 12. Nf1 d5 13. Qe2 h6 14. Ng3 Bg6 15. Be3 d4 16. Bc1 Nh5 17. Nf5 dxc3 18. bxc3 Bxf5 19. exf5 Ng3 20. Qd1 Nxf5 21. d4 Qf6 22. Qd3 g6 23. g4 Nh4 24. Nxh4 Qxh4 25. Bb3 Qf6 26. Be3 exd4 27. cxd4 Nxd4 28. Bxd4 Bxd4 29. Rxe8+ Rxe8 30. Rf1 Re1 31. Qc2 Rxf1+ 32. Kxf1 c5 33. Qe2 Kg7 34. Ke1 Qf4 35. Bd5 Qc1+ 36. Qd1 Bxf2+ 37. Ke2 Qxd1+ 38. Kxd1 b6 39. Kc2 f5 40. Kd3 b5 41. Bb7 a5 42. Bc6 b4 43. Kc4 Kf6 44. Kb5 f4 45. Kxa5 Kg5 46. Kb5 Kh4 47. Bg2 Kg3 48. Bf1 Bd4 49. Kc4 f3 50. Kb3 Kf2 51. Bd3 g5 52. Kc2 Ke1 53. Kc1 f2 54. Kc2 f1=Q 55. Bxf1 Kxf1 56. Kd2 Kg2 57. Ke2 Kxh3 58. Kf3 c4 0-1